 Dungeon Crawl Stone Soup version 0.29-a0-613-gf2c431b9b9 (webtiles) character file.

Game seed: 3535054687675349583

48 moldycheese5 the Skirmisher (level 3, 0/29 HPs)
             Began as a Demonspawn Berserker on June 16, 2022.
             Was a Follower of Trog.
             Succumbed to an adder's poison
             ... on level 2 of the Dungeon.
             The game lasted 00:02:14 (1432 turns).

moldycheese5 the Skirmisher (Demonspawn Berserker)  Turns: 1432, Time: 00:02:15

Health: 0/29       AC:  2    Str: 19    XL:     3   Next: 50%
Magic:  3/3        EV: 12    Int:  8    God:    Trog [*.....]
Gold:   51         SH:  0    Dex: 12    Spells: 2/2 levels left

rFire   + . .      SeeInvis .   a - +0 hand axe
rCold   + . .      Faith    .   (no shield)
rNeg    . . .      Spirit   .   b - +0 animal skin
rPois   +          Reflect  .   (no helmet)
rElec   +          Harm     .   (no cloak)
rCorr   +          Rampage  .   (no gloves)
Will    .....                   (no boots)
Stlth   +.........              (no amulet)
HPRegen 0.09/turn               (no ring)
MPRegen 0.08/turn               (no ring)

@: lethally poisoned (0 -> -8), resistant, hasted, very quick
A: weakness stinger 1
a: Renounce Religion, Berserk


You were on level 2 of the Dungeon.
You worshipped Trog.
Trog was aware of your devotion.
You visited 1 branch of the dungeon, and saw 2 of its levels.

You collected 51 gold pieces.

Inventory:

Hand Weapons
 a - a +0 hand axe (weapon)
Armour
 b - a +0 animal skin (worn)
Scrolls
 d - 2 scrolls of identify {unknown}
Potions
 f - a potion of magic {unknown}


   Skills:
 + Level 3.6 Fighting
 + Level 3.3 Axes
 + Level 1.8 Armour
 + Level 2.2 Dodging
 + Level 0.2 Stealth


You had 2 spell levels left.
You didn't know any spells.
Your spell library was empty.

Dungeon Overview and Level Annotations

Branches:
Dungeon (2/15)

Altars:


Innate Abilities, Weirdness & Mutations

You have a small tail.


Message History

You are frozen.
You hit the endoplasm.
The endoplasm is almost dead.
The endoplasm misses you. The endoplasm barely misses you.
There are monsters nearby!
You hit the endoplasm.
You kill the endoplasm!
Trog accepts your kill. The adder bites you.
You are poisoned.
The adder poisons you!
You barely miss the adder.
You feel sick. The adder completely misses you. The adder closely misses you.
You hit the adder.
Your tail-slap misses the adder.
The adder is severely wounded.
You feel sick. The adder bites you.
You are more poisoned.
The adder poisons you!
You hit the adder.
The adder is severely wounded.
You feel sick. The adder bites you.
You are lethally poisoned!
The adder poisons you! The adder bites you.
You are more poisoned.
The adder poisons you!
You slash the adder!
You kill the adder!
Trog accepts your kill.
* * * LOW HITPOINT WARNING * * *
You feel very sick.
* * * LOW HITPOINT WARNING * * *
You feel very sick.
You see here an adder corpse.
Okay, then.
It was a potion of haste.
You feel yourself speed up.
* * * LOW HITPOINT WARNING * * *
You feel sick.
It was a potion of resistance.
You feel protected.
You die...

..... #.# .... #.# ...
#.# .. #.# .##### #.#
#...?# #.# #######....##
#.# ............# #.#
########@....#.# #.#
........####.#.# #.#
####....####.#.########.#
#.......#............#
##....#..#...........##
......#.#.##...#######.#
.................... #.##
.>......#.##....#.# #...
#########.......# #.##


There were no monsters in sight!

Vanquished Creatures
  2 adders (D:2)
  A worm (D:2)
  6 endoplasms
  A giant cockroach (D:1)
  4 hobgoblins (D:1)
  A quokka (D:1)
  3 bats (D:1)
  2 frilled lizards
  2 kobolds
  7 rats
29 creatures vanquished.

Vanquished Creatures (others)
  51 plants (D:2)
51 creatures vanquished.

Grand Total: 80 creatures vanquished

Notes
Turn   | Place    | Note
-------+----------+-------------------------------------------
     0 | D:1      | moldycheese5 the Demonspawn Berserker began the quest for
                  | the Orb.
     0 | D:1      | Reached XP level 1. HP: 18/18 MP: 1/1
     7 | D:1      | Found a faded altar of an unknown god.
   300 | D:1      | Gained mutation: You have a small tail. [demonic ancestry]
   300 | D:1      | Reached XP level 2. HP: 20/24 MP: 2/2
  1012 | D:2      | Reached XP level 3. HP: 9/29 MP: 3/3
  1432 | D:2      | Succumbed to an adder's poison

Illustrated notes

Levels and vault maps discovered:
D:1:      scummos_arrival_star, layout_loops_ring, basic_ecumenical_altar
D:2:      wad_woods_tower, layout_basic

Skill      XL: |  1  2 |
---------------+-------+-----
Axes           | 3 |  3.3
Dodging        | 2 |  2.2
Fighting       | |  3.6
Armour         | |  1.8
Stealth        | |  0.2

Action                   || total
-------------------------++-------
Melee: Hand axe          ||    91
       Tailslap          ||     8
       Punch             ||     3
  Use: Potion            ||     2
 Stab: Sleeping          ||     1
Armor: Animal skin       ||    14
Dodge: Dodged            ||    65

Table legend: (Time is in decaauts)
 A = Elapsed time spent in this place.
 B = Non-inter-level travel time spent in this place.
 C = Inter-level travel time spent in this place.
 D = Time resting spent in this place.
 E = Time spent auto-exploring this place.
 F = Levels seen in this place.
 G = Mean time per level.
                   A        B        C        D        E       F      G
               +--------+--------+--------+--------+--------+-----+--------+
         Total |   1445 |   1410 |     35 |    218 |    978 |   2 |  722.5 |
       Dungeon |   1445 |   1410 |     35 |    218 |    978 |   2 |  722.5 |
               +--------+--------+--------+--------+--------+-----+--------+

Top non-repeatable levels by time:
     D:1: 855 daAuts
     D:2: 589 daAuts
